 Dungeon Crawl Stone Soup version 0.25-a0-822-g6581751b11 (webtiles) character file.

Game seed: 9818839103556665017, levelgen mode: deterministic

150 tilp the Bolt Thrower (level 5, -2/31 HPs)
             Began as a Kobold Arcane Marksman on Apr 20, 2020.
             Killed from afar by an orc wizard (3 damage)
             ... with a puff of frost
             ... on level 3 of the Dungeon.
             The game lasted 00:05:59 (2569 turns).

tilp the Bolt Thrower (Kobold Arcane Marksman)      Turns: 2569, Time: 00:06:00

Health: -2/31      AC:  3    Str:  9    XL:     5   Next: 58%
Magic:  4/6        EV: 14    Int: 14    God:
Gold:   50         SH:  0    Dex: 15    Spells: 3/6 levels left

rFire    . . .     SeeInvis .   b - +0 mace
rCold    . . .     Gourm    .   (shield restricted)
rNeg     . . .     Faith    .   m - +0 leather armour
rPois    .         Spirit   .   (no helmet)
rElec    .         Reflect  .   (no cloak)
rCorr    .         Harm     .   (no gloves)
MR       .....                  (no boots)
Stlth    +.........             (no amulet)
HPRegen  0.10/turn              (no ring)
MPRegen  0.10/turn              (no ring)

@: no status effects
A: small, carnivore
a: no special abilities


You were on level 3 of the Dungeon.
You were completely stuffed.

You visited 1 branch of the dungeon, and saw 3 of its levels.

You collected 50 gold pieces.

Inventory:

Hand Weapons
 a - a +0 hand crossbow
 b - a +0 mace (weapon)
Armour
 l - a +0 scale mail
 m - a +0 leather armour (worn)
Scrolls
 e - a scroll of teleportation
 f - a scroll of identify {unknown}
 g - a scroll of blinking
 j - a scroll of magic mapping
 o - a scroll of enchant armour {unknown}
Comestibles
 c - 3 rations
 h - 8 chunks of flesh


   Skills:
 + Level 2.3 Fighting
 - Level 6.0 Crossbows
 - Level 2.4 Dodging
 - Level 1.1 Spellcasting
 - Level 3.0 Hexes


You had 3 spell levels left.
You knew the following spells:

 Your Spells              Type           Power        Failure   Level  Hunger
a - Corona                Hex            #......      11%         1    ##.....
b - Slow                  Hex            #.......     16%         2    ###....

Your spell library contained the following spells:

 Spells                   Type           Power        Failure   Level  Hunger
 Inner Flame              Hex/Fire       #.......     52%         3    ####...
 Portal Projectile        Hex/Tloc       #.....       52%         3    ####...
 Cause Fear               Hex            #.........   71%         4    #####..
 Leda's Liquefaction      Hex/Erth       #.........   89%         4    #####..


Dungeon Overview and Level Annotations

Branches:
Dungeon (3/15)

Altars:


Innate Abilities, Weirdness & Mutations

You are small and have problems with some larger weapons.
You are carnivorous and can eat meat at any time.


Message History

Aim: an orc wizard, wielding a +0 quarterstaff and wearing a +0 leather armour (lightly wounded, fast)
Okay, then.
Firing (i - inventory) No suitable missiles.
Press: ? - help, Shift-Dir - straight line, f/p - orc wizard
Aim: an orc wizard, wielding a +0 quarterstaff and wearing a +0 leather armour (lightly wounded, fast)
Okay, then.
b - a +0 mace (weapon)
The orc wizard misses you.
You closely miss the orc wizard.
The orc wizard is lightly wounded.
The orc wizard hits you with a +0 quarterstaff!
* * * LOW HITPOINT WARNING * * *
The orc wizard closely misses you.
Unknown command.
You hit the orc wizard.
The orc wizard is moderately wounded.
The orc wizard closely misses you.
The orc wizard points at you and mumbles some strange words.
The puff of frost hits you.
You die...

#.#.....####)#
#.##o..#####.####.##
##.###........(......
.......#####.####..#
#..##### #.# #..# #.#
#..# #.#
######..#########.#
#....(...()o@.....#
#.####(.#(#########
#..#.# #...........
#.##.(#.#### oo
#..#.# ... o(.#.# .o
##(.#.# o #..#


You could see an orc wizard.

Vanquished Creatures
  An orc priest (D:3)
  Jessica (D:2)
  4 adders
  3 dart slugs
  7 orcs (D:3)
  7 bats
  2 giant cockroaches
  3 goblins
  5 hobgoblins
  3 jackals (D:1)
  3 kobolds
  2 frilled lizards
  5 rats
46 creatures vanquished.

Notes
Turn   | Place    | Note
-------+----------+-------------------------------------------
     0 | D:1      | tilp the Kobold Arcane Marksman began the quest for the
                  | Orb.
     0 | D:1      | Reached XP level 1. HP: 12/12 MP: 2/2
    51 | D:1      | Reached skill level 3 in Crossbows
   184 | D:1      | Reached XP level 2. HP: 9/16 MP: 3/3
   308 | D:1      | Learned a level 2 spell: Slow
   594 | D:1      | Reached skill level 4 in Crossbows
   594 | D:1      | Reached XP level 3. HP: 20/20 MP: 0/4
  1399 | D:2      | Reached XP level 4. HP: 11/25 MP: 5/5
  1606 | D:2      | Reached skill level 5 in Crossbows
  1757 | D:2      | Noticed Jessica
  1763 | D:2      | Killed Jessica
  2014 | D:3      | Reached XP level 5. HP: 21/29 MP: 6/6
  2333 | D:3      | Reached skill level 6 in Crossbows
  2568 | D:3      | HP: 1/31 [orc wizard/+0 quarterstaff (7)]
  2569 | D:3      | Killed from afar by an orc wizard

Levels and vault maps discovered:
D:1:      dpeg_arrival_rooms_c, layout_loops_ring
D:2:      layout_basic, uniq_jessica
D:3:      layout_loops_ring, nemelex_xobeh_ov_fountains_minmay

Skill      XL: |  1  2  3  4  5 |
---------------+----------------+-----
Crossbows      | 3 4 5 6 |  6.0
Fighting       | 2 |  2.3
Dodging        | |  2.4
Spellcasting   | |  1.1
Hexes          | |  3.0

Action                   |  1- 3 |  4- 6 || total
-------------------------+-------+-------++-------
Melee: Short sword       |    23 |    48 ||    71
       Mace              |       |     2 ||     2
 Fire: Hand crossbow     |    41 |    36 ||    77
 Cast: Corona            |     7 |     5 ||    12
       Slow              |       |     2 ||     2
  Use: Scroll            |     1 |     4 ||     5
       Potion            |     1 |     1 ||     2
 Stab: Sleeping          |       |     1 ||     1
  Eat: Chunk             |    10 |     4 ||    14
Armor: Robe              |     1 |       ||     1
       Leather armour    |     5 |    11 ||    16
       Scale mail        |     2 |       ||     2
Dodge: Dodged            |    27 |    43 ||    70

Table legend:
 A = Non-vault XP
 B = Vault XP
 C = Vault XP percentage of total XP
 D = Non-vault monster count
 E = Vault monster count
 F = Vault count percentage of total count
                 A         B        C        D         E       F
            +---------+---------+-------+---------+---------+-------
      Total |     178 |      37 |  17.2 |      45 |       1 |   2.2
            +---------+---------+-------+---------+---------+-------
        D:1 |      48 |       0 |   0.0 |      18 |       0 |   0.0
        D:2 |      45 |      37 |  45.1 |      13 |       1 |   7.1
        D:3 |      85 |       0 |   0.0 |      14 |       0 |   0.0
            +---------+---------+-------+---------+---------+-------
